 Dungeon Crawl Stone Soup version 0.20.1-1-g8b1a95d (webtiles) character file.

115261 Inchmeat the Impaler (level 16, -5/91 HPs)
             Began as a Vine Stalker Monk on Dec 14, 2017.
             Was the Champion of Ashenzari.
             Slain by a spriggan rider
             ... wielding a +0 spear
              (17 damage)
             ... on level 4 of the Swamp.
             The game lasted 01:11:15 (26049 turns).

Inchmeat the Impaler (Vine Stalker Monk)           Turns: 26049, Time: 01:11:15

Health: -5/91      AC: 13    Str: 18    XL:     16   Next: 68%
Magic:  0/25       EV: 30    Int: 17    God:    Ashenzari [******]
Gold:   1558       SH:  8    Dex: 24    Spells: 4/25 levels left

rFire    + + +     SeeInvis +   I - +5 bardiche (flame) (curse)
rCold    + . .     Gourm    .   (shield currently unavailable)
rNeg     . . .     Faith    .   Q - +3 leather armour {rF+}
rPois    +         Spirit   +   B - +1 helmet (curse)
rElec    +         Reflect  +   F - scarf {rC+ rF+} (curse)
rCorr    .         Harm     .   X - +1 pair of gloves {Str+3} (curse)
MR       +....     Clarity  +   r - +2 pair of boots of the Assassin {Detection Stab+ Stlth++}
Stlth    ++++++....             V - brooch of Shielding {Reflect SH+8}
Regen    1.1/turn               k - +5 ring of evasion
MPRegen  0.2/turn               U - ring "Unyffuab" {rPois MR- Int+5 Dex+3} (curse)

@: invisible
A: fangs 3, hooves 1, fire resistance 1, regeneration 2, electricity resistance,
magic shield, antimagic bite, no potion heal 3, rot immunity
a: Curse Item, Scrying, Transfer Knowledge, Renounce Religion


You were on level 4 of the Swamp.
You worshipped Ashenzari.
Ashenzari was exalted by your worship.
You were hungry.

You visited 5 branches of the dungeon, and saw 27 of its levels.
You also visited: Ice Cave and Volcano.

You collected 2679 gold pieces.
You spent 1121 gold pieces at shops.

Inventory:

Hand Weapons
 v - the +12 spear of Niamneupn {pierce, +Blink rC+}
   (You found it on level 4 of the Dungeon)

   It inflicts extra damage upon your enemies.
   It protects you from cold.
   It lets you blink.
 I - a cursed +5 bardiche of flaming (weapon)
 S - the +1 trident of Floods {venom, Int+7}
   (You found it in an ice cave)

   It poisons the flesh of those it strikes.
   It affects your intelligence (+7).
Missiles
 d - 3 javelins of penetration (quivered)
Armour
 r - the +2 pair of boots of the Assassin (worn) {Detection Stab+ Stlth++}
   (You found it in an ice cave)

   It makes you much more stealthy.
 B - a cursed +1 helmet (worn)
 F - a cursed scarf of resistance (worn)
 Q - a +3 leather armour of fire resistance (worn)
 X - a cursed +1 pair of gloves of strength (worn)
Jewellery
 k - a +5 ring of evasion (left hand)
 G - an uncursed ring of magical power
 K - an uncursed ring of resist corrosion
 U - the cursed ring "Unyffuab" (right hand) {rPois MR- Int+5 Dex+3}
   (You bought it in a shop on level 1 of the Orcish Mines)

   [ring of dexterity]

   It affects your intelligence (+5).
   It affects your dexterity (+3).
   It protects you from poison.
   It affects your resistance to hostile enchantments.
   It has a curse placed upon it.
 V - the brooch of Shielding (around neck) {Reflect SH+8}
   (You found it on level 6 of the Lair of Beasts)

   [amulet of reflection]

   It shields you and reflects attacks.
   It affects your SH (+8).
 Y - an uncursed ring of protection from fire
Wands
 M - a wand of digging (11/24)
 P - a wand of iceblast (6/15)
 T - a wand of digging (10/24)
Scrolls
 c - 5 scrolls of teleportation
 e - 7 scrolls of immolation
 f - 4 scrolls of amnesia
 i - a scroll of magic mapping {unknown}
 j - 6 scrolls of fog {unknown}
 m - 2 scrolls of enchant armour
 t - 5 scrolls of fear {unknown}
 y - 4 scrolls of recharging {unknown}
 E - 3 scrolls of identify {@r1}
 H - 3 scrolls of holy word {unknown}
 J - a scroll of silence
 L - a scroll of torment
 O - a scroll of vulnerability {unknown}
 R - 2 scrolls of summoning {unknown}
Potions
 a - 5 potions of agility
 g - a potion of cancellation
 n - 12 potions of curing {@q1}
 p - 3 potions of flight
 q - 9 potions of lignification
 s - a potion of berserk rage
 u - 2 potions of magic
 x - 2 potions of mutation {!q}
 D - 3 potions of haste
 N - a potion of ambrosia
 W - 2 potions of might
 Z - a potion of resistance
Books
 o - a book of Misfortune

   Spells                             Type                      Level
   a - Confusing Touch                Hexes                        1
   b - Confuse                        Hexes                        3
   c - Gell's Gravitas                Translocation                3
   d - Petrify                        Transmutation/Earth          4
   e - Metabolic Englaciation         Hexes/Ice                    5
   f - Yara's Violent Unravelling     Hexes/Transmutation          5
 C - Seonebao's Catalogue of the Feathery Arsonist
   (You found it on level 2 of the Swamp)

   Spells                             Type                      Level
   a - Static Discharge               Conjuration/Air              3
   b - Ring of Flames                 Charms/Fire                  7
   c - Tornado                        Air                          9
Comestibles
 b - 14 bread rations
 h - 21 fruits
 l - 18 royal jellies
 w - 13 meat rations


   Skills:
 - Level 13.1 Fighting
 * Level 15.6(20.8) Polearms
 - Level 10.7(13.4) Dodging
 - Level 5.4(8.4) Stealth
 - Level 4.0 Unarmed Combat
 - Level 5.4 Spellcasting
 - Level 10.4 Conjurations
 - Level 8.1 Fire Magic


You had 4 spell levels left.
You knew the following spells:

 Your Spells              Type           Power        Failure   Level  Hunger
a - Mephitic Cloud        Conj/Pois/Air  ###.....     12%         3    ##.....
b - Conjure Flame         Conj/Fire      #####...     1%          3    ##.....
c - Ignition              Fire           ####......   100%        8    #######
d - Ring of Flames        Chrm/Fire      ###.......   100%        7    #######


Dungeon Overview and Level Annotations

Branches:
Dungeon (14/15)            Temple (1/1) D:5            Lair (6/6) D:10
  Swamp (4/4) Lair:3        Snake (0/4) Lair:2        Slime (0/5) Lair:5
    Orc (2/2) D:12            Elf (0/3) Orc:2        Vaults (0/5) D:14

Altars:
Ashenzari
Cheibriados
Dithmenos
Gozag
Hepliaklqana
Kikubaaqudgha
Nemelex Xobeh
Qazlal
Xom
Beogh

Shops:
D:4 =   D:5 ?   D:14 ?   Orc:1 =[   Orc:2 [([=

Portals:
Trove: D:12 (give 2 scrolls of acquirement)

Annotations:
D:4 bande's ghost, amateur GrFi


Innate Abilities, Weirdness & Mutations

You have razor-sharp teeth.
You heal very quickly.
When hurt, damage is shared between your health and your magic reserves.
Your bite disrupts and absorbs the magic of your enemies.
Potions cannot restore your health.
You are immune to rotting.
You have large cloven feet.
Your flesh is heat resistant. (rF+)
You are resistant to electric shocks. (rElec)


Message History

Ye enter tha shallow water.
Movin' in 'tis stuff be goin' ta be slow.
Ye block tha spriggan rider's attack.
Tha spriggan rider closely misses ye.
Ye block tha spriggan rider's attack.
Tha spriggan rider hits ye from afar wit' a spear!
* * * LOW HITPOINT WARNIN'
* * * Ye block tha spriggan rider's attack.
Tha spriggan rider barely misses ye.
Tha spriggan rider misses ye.
Tha spriggan rider completely misses ye.
Tha spriggan rider closely misses ye.
Ye block tha spriggan rider's attack.
Tha spriggan rider hits ye from afar wit' a spear!!
* * * LOW HITPOINT WARNIN'
* * * Unknown command.
Okay, than.
Ye fade inta invisibility!
Tha spriggan rider hits ye from afar wit' a spear!!
Ye die...

#.≈≈# ≈♣ ** ♣♣♣.≈ ##[###. * *
♣♣♣♣ ♣♣§ ##..#≈♣ ** ♣♣♣ ♣♣≈.♣♣
♣.. #.≈≈#.♣* ♣♣≈♣♣ ♣♣≈...♣ ♣≈≈
#...[♣♣≈ ♣..≈♣ ♣♣♣≈...♣♣ ♣≈.
....≈♣♣♣♣♣#♣♣.≈♣♣♣♣..≈.≈.≈♣ ♣..
♣≈.)≈♣≈.♣§≈≈≈.D.♣♣≈♣♣.≈≈≈.♣♣♣♣♣..
♣♣....≈≈......i≈.♣≈..≈≈≈≈.§...♣≈≈
♣≈...≈..#...§♣♣≈@♣≈.≈≈≈..≈♣≈§.♣.≈
............§..§≈≈♣≈≈≈≈.≈♣♣..♣§.≈
≈≈≈≈≈≈..†...≈≈≈≈♣♣♣≈≈≈≈≈♣♣♣≈≈≈.≈≈
≈≈≈≈≈.≈≈.≈≈.≈≈≈≈♣ ♣♣...♣≈♣♣§≈§≈≈≈
≈≈.♣♣♣.≈≈≈≈≈≈≈..♣ ♣♣♣♣...♣.≈.≈≈≈
..♣♣*♣.≈≈≈≈.≈.♣♣♣ ♣...≈≈...≈≈ ≈≈≈
..≈§≈≈≈.≈♣♣ ♣** ♣♣§≈≈.≈..≈≈. ≈≈
..≈≈≈≈≈...♣ ♣≈♣♣♣≈≈≈≈≈≈..≈.. ≈≈
≈♣≈≈≈...... * ≈≈≈≈..≈≈≈≈..≈..♣


You could see an eight-headed hydra and a spriggan rider.

Vanquished Creatures
  Nikola (Swamp:1)
  Frances (Swamp:1)
  An orc warlord (Orc:2)
  A very ugly thing (Swamp:3)
  A blizzard demon (IceCv)
  14 hydras
  2 centaur warriors
  An ice dragon (Swamp:1)
  Erica (Orc:1)
  3 catoblepae (Lair:6)
  3 two-headed ogres
  2 dancing weapons (D:14)
  10 alligators
  5 death yaks (Lair:6)
  3 orc high priests (Orc:2)
  Sonja (D:10)
  4 spriggans
  A hell knight (Volcano)
  3 unseen horrors
  2 spriggan druids
  7 swamp dragons
  3 orc knights
  3 deep elf magi
  2 orc sorcerers
  2 ugly things (D:11)
  The ghost of Inchmeat the Grappler, a novice VSMo of Cheibriados (D:7)
  5 manticores
  A wolf spider (D:14)
  2 cyclopes
  4 slime creatures (Swamp:3)
  16 elephants
  2 ice statues (IceCv)
  4 black mambas
  2 centaur skeletons (D:14)
  13 spiny frogs
  A smoke demon (Volcano)
  A torpor snail (Lair:6)
  A gargoyle (D:14)
  2 rime drakes
  2 molten gargoyles (Volcano)
  13 komodo dragons
  2 trolls
  12 ice devils (IceCv)
  2 red devils (Volcano)
  5 polar bears
  3 hornets
  A hornet (shapeshifter) (D:14)
  5 tyrant leeches
  14 bog bodies
  14 blink frogs
  A harpy skeleton (D:11)
  5 hippogriffs
  2 shadows
  A wyvern (D:13)
  Sigmund (D:2)
  62 yaks
  5 water elementals (D:13)
  2 wraiths (D:12)
  2 hungry ghosts
  2 fire bats (Volcano)
  6 basilisks
  17 vampire mosquitoes
  5 wargs
  4 nagas (Lair:2)
  13 swamp worms
  25 insubstantial wisps
  13 water moccasins
  2 hell hounds (Volcano)
  A soldier ant (D:13)
  38 orc warriors
  4 porcupines
  3 sky beasts
  2 ice beasts
  6 swamp drakes
  2 phantoms
  An eye of draining (D:12)
  A necrophage (D:9)
  10 ogres
  5 wolves (Lair:4)
  12 centaurs
  14 crocodiles
  Blork the orc (D:5)
  2 big kobolds
  2 wyvern zombies
  15 bullfrogs
  A gnoll sergeant (D:11)
  A wyvern skeleton (D:14)
  4 scorpions
  4 killer bees (D:13)
  10 wights
  6 electric eels
  4 lava snakes (Volcano)
  5 crimson imps
  4 howler monkeys
  2 bullfrog zombies
  A gnoll shaman (Orc:1)
  6 hounds
  5 jellies
  18 orc priests
  A bullfrog skeleton (D:13)
  25 orc wizards
  5 iguanas
  11 worker ants
  A hound skeleton (D:8)
  A howler monkey zombie (D:9)
  19 gnolls
  15 adders
  A howler monkey skeleton (D:4)
  3 shadow imps
  4 white imps (IceCv)
  7 ufetubi (IceCv)
  10 oozes
  An adder skeleton (D:9)
  3 worms
  6 dart slugs
  6 leopard geckos
  90 orcs
  6 giant cockroaches
  8 goblins
  9 hobgoblins
  4 jackals
  6 quokkas
  2 ball pythons
  13 bats
  9 frilled lizards
  A jackal zombie (D:8)
  13 kobolds
  A quokka zombie (D:5)
  12 rats
856 creatures vanquished.

Vanquished Creatures (others)
  The ghost of coleonyx the Thrower, a journeyman MiBe of Trog (IceCv)
  2 alligators (Swamp:1)
  A black mamba (Lair:5)
  A vampire mosquito (Swamp:1)
  3 white imps (IceCv)
  5 ufetubi (IceCv)
  2 fungi (Lair:6)
  A plant (D:13)
16 creatures vanquished.

Grand Total: 872 creatures vanquished

Notes
Turn   | Place    | Note
-------+----------+-------------------------------------------
     0 | D:1      | Inchmeat the Vine Stalker Monk began the quest for the Orb.
     0 | D:1      | Reached XP level 1. HP: 11/11 MP: 2/2
   380 | D:1      | Reached XP level 2. HP: 15/16 MP: 3/3
   545 | D:1      | Reached XP level 3. HP: 19/19 MP: 4/4
  1176 | D:2      | Noticed Sigmund
  1201 | D:2      | Killed Sigmund
  1201 | D:2      | Gained mutation: Your natural rate of healing is unusually fast. [Vine Stalker growth]
  1201 | D:2      | Reached XP level 4. HP: 1/23 MP: 3/5
  1201 | D:2      | Reached XP level 5. HP: 1/27 MP: 3/6
  1644 | D:2      | Reached XP level 6. HP: 25/32 MP: 7/7
  2670 | D:4      | Noticed bande's ghost (amateur GrFi)
  2855 | D:4      | Reached XP level 7. HP: 35/35 MP: 8/8
  3003 | D:4      | Got a twisted spear
  3004 | D:4      | Identified the +12 spear of Niamneupn {pierce, +Blink rC+} (You found it on level 4 of the Dungeon)
  3023 | D:4      | Reached skill level 1 in Polearms
  3039 | D:4      | Found Ezahas's Jewellery Emporium.
  3188 | D:4      | Reached skill level 2 in Polearms
  3433 | D:5      | Entered Level 5 of the Dungeon
  3604 | D:5      | Reached skill level 3 in Polearms
  3666 | D:5      | Found a staircase to the Ecumenical Temple.
  3683 | Temple   | Entered the Ecumenical Temple
  3694 | Temple   | Became a worshipper of Ashenzari the Shackled
  3694 | Temple   | Reached * piety under Ashenzari
  3694 | Temple   | Reached ** piety under Ashenzari
  3773 | D:5      | Noticed Blork the orc
  3781 | D:5      | Killed Blork the orc
  3781 | D:5      | Reached skill level 4 in Polearms
  3781 | D:5      | Gained mutation: You have razor-sharp teeth. [Vine Stalker growth]
  3781 | D:5      | Reached XP level 8. HP: 12/39 MP: 2/9
  3859 | D:5      | Found Iweunog's Magic Scroll Emporium.
  3867 | D:5      | Bought a scroll of teleportation for 33 gold pieces
  3867 | D:5      | Bought a scroll of blinking for 82 gold pieces
  3867 | D:5      | Bought a scroll of identify for 22 gold pieces
  3867 | D:5      | Bought a scroll of identify for 22 gold pieces
  3867 | D:5      | Bought a scroll of identify for 22 gold pieces
  4243 | D:6      | Reached skill level 5 in Polearms
  4427 | D:5      | Reached skill level 6 in Polearms
  4899 | D:6      | Reached skill level 7 in Polearms
  5405 | D:7      | Noticed Inchmeat's ghost (novice VSMo)
  5737 | D:7      | Reached XP level 9. HP: 43/43 MP: 10/10
  5744 | D:7      | Reached skill level 8 in Polearms
  5771 | D:7      | Gained mutation: You are weak. (Str -2) [potion of mutation]
  5771 | D:7      | Gained mutation: Your spells are a little harder to cast, but a little more powerful. [potion of mutation]
  5771 | D:7      | Gained mutation: Your spells are harder to cast, but more powerful. [potion of mutation]
  5772 | D:7      | Lost mutation: Your spells are harder to cast, but more powerful. [potion of mutation]
  5772 | D:7      | Lost mutation: You are weak. (Str -2) [potion of mutation]
  5772 | D:7      | Lost mutation: Your spells are a little harder to cast, but a little more powerful. [potion of mutation]
  5772 | D:7      | Gained mutation: Your flesh is heat resistant. (rF+) [potion of mutation]
  5772 | D:7      | Gained mutation: You are resistant to electric shocks. (rElec) [potion of mutation]
  5772 | D:7      | Gained mutation: You have large cloven feet. [potion of mutation]
  5784 | D:7      | Killed Inchmeat's ghost
  5784 | D:7      | Reached skill level 9 in Polearms
  6201 | D:8      | Reached skill level 10 in Polearms
  6430 | D:8      | Noticed a two-headed ogre
  6450 | D:8      | Killed a two-headed ogre
  6450 | D:8      | Reached skill level 11 in Polearms
  6450 | D:8      | Reached XP level 10. HP: 27/47 MP: 7/11
  7086 | D:9      | Reached skill level 12 in Polearms
  7446 | D:10     | Entered Level 10 of the Dungeon
  7532 | D:10     | Reached skill level 13 in Polearms
  7532 | D:10     | Reached XP level 11. HP: 51/51 MP: 12/12
  7540 | D:10     | Reached *** piety under Ashenzari
  7554 | D:10     | Found a staircase to the Lair.
  7563 | D:10     | Reached skill level 1 in Spellcasting
  8159 | D:10     | Noticed Sonja
  8294 | D:10     | Killed Sonja
  8383 | D:11     | Noticed a purple ugly thing
  8391 | D:11     | Killed a purple ugly thing
  8448 | D:11     | Reached skill level 5 in Fighting
  8511 | D:11     | Noticed a white ugly thing
  8520 | D:11     | Killed a white ugly thing
  8600 | D:11     | Noticed a cyclops
  8604 | D:11     | Killed a cyclops
  8604 | D:11     | Reached skill level 5 in Spellcasting
  8971 | D:11     | Noticed an unseen horror
  8980 | D:11     | Killed an unseen horror
  9213 | D:11     | Noticed an unseen horror
  9218 | D:11     | Killed an unseen horror
  9348 | D:11     | Reached **** piety under Ashenzari
  9670 | D:11     | Noticed a manticore
  9679 | D:11     | Killed a manticore
  9684 | D:11     | Gained mutation: You heal very quickly. [Vine Stalker growth]
  9684 | D:11     | Reached XP level 12. HP: 42/64 MP: 18/21
  9959 | D:12     | Found a portal to a secret trove of treasure.
 10124 | D:12     | Found a shadowy altar of Dithmenos.
 10488 | D:12     | Found a staircase to the Orcish Mines.
 10620 | D:12     | Learned a level 3 spell: Mephitic Cloud
 10624 | D:12     | Learned a level 3 spell: Conjure Flame
 10731 | D:12     | Found a shadowy altar of Dithmenos.
 10733 | D:12     | Found an iron altar of Okawaru.
 10733 | D:12     | Found a sparkling altar of Nemelex Xobeh.
 10734 | D:12     | Noticed a two-headed ogre
 10735 | D:12     | Found an opulent altar of Gozag.
 10735 | D:12     | Found a shimmering altar of Xom.
 10735 | D:12     | Found a stormy altar of Qazlal.
 10757 | D:12     | Killed a two-headed ogre
 11092 | D:13     | Reached skill level 5 in Conjurations
 11230 | D:13     | Noticed a centaur warrior
 11246 | D:13     | Killed a centaur warrior
 11377 | D:13     | Noticed a two-headed ogre
 11385 | D:13     | Killed a two-headed ogre
 11698 | D:13     | Noticed a six-headed hydra
 11711 | D:13     | Killed a six-headed hydra
 11853 | D:13     | Reached XP level 13. HP: 71/71 MP: 22/22
 12415 | D:14     | Found a gate to the Vaults.
 12438 | D:14     | Reached ***** piety under Ashenzari
 12439 | D:14     | Found Jaegh's Magic Scroll Emporium.
 12468 | D:14     | Bought a scroll of remove curse for 30 gold pieces
 12468 | D:14     | Bought a scroll of identify for 20 gold pieces
 12468 | D:14     | Bought a scroll of identify for 20 gold pieces
 12608 | D:14     | Reached skill level 10 in Conjurations
 12985 | D:14     | Noticed a rakshasa
 13210 | Orc:1    | Entered Level 1 of the Orcish Mines
 13210 | Orc:1    | Found a roughly hewn altar of Beogh.
 13229 | Orc:1    | Found Zuvar's Jewellery Shoppe.
 13287 | Orc:1    | Bought the ring "Unyffuab" {rPois MR- Int+5 Dex+3} for 398 gold pieces
 13356 | Orc:1    | Reached skill level 10 in Fighting
 13394 | Orc:1    | Noticed Erica
 13615 | Orc:1    | Killed Erica
 13634 | Orc:1    | Paralysed by an orc sorcerer for 5 turns
 13999 | Orc:1    | Found Noilua's Antique Armour Shop.
 14034 | Orc:1    | Bought a pair of embroidered gloves for 232 gold pieces
 14145 | Orc:2    | Entered Level 2 of the Orcish Mines
 14188 | Orc:2    | Found a roughly hewn altar of Beogh.
 14228 | Orc:2    | Found Vuqiuts's Antique Armour Emporium.
 14309 | Orc:2    | Reached skill level 5 in Dodging
 14431 | Orc:2    | Noticed an orc warlord
 14506 | Orc:2    | Killed an orc warlord
 14576 | Orc:2    | Found Kumok's Antique Weapon Shop.
 14577 | Orc:2    | Found a roughly hewn altar of Beogh.
 14580 | Orc:2    | Found Futtidd's Antique Armour Boutique.
 14594 | Orc:2    | Bought a glowing scarf for 240 gold pieces
 14917 | Orc:2    | Found a staircase to the Elven Halls.
 15129 | Orc:2    | Found a roughly hewn altar of Beogh.
 15131 | Orc:2    | Reached XP level 14. HP: 79/79 MP: 23/23
 15221 | Orc:2    | Found a roughly hewn altar of Beogh.
 15274 | Orc:2    | Found a roughly hewn altar of Beogh.
 15315 | Orc:2    | Found Imninoil's Jewellery Shop.
 15661 | Lair:1   | Entered Level 1 of the Lair of Beasts
 15763 | Lair:1   | Learned a level 8 spell: Ignition
 16282 | Lair:2   | Found a staircase to the Snake Pit.
 17333 | Lair:3   | Reached ****** piety under Ashenzari
 17360 | Lair:3   | Got the uncursed robe "Rarhop" {Stlth+}
 17371 | Lair:3   | Identified the +1 robe "Rarhop" {Stlth+} (You found it on level 3 of the Lair of Beasts)
 17699 | Lair:3   | Found a staircase to the Swamp.
 18572 | Lair:4   | Found a hazy altar of Hepliaklqana.
 19563 | Lair:5   | Found a staircase to the Slime Pits.
 19966 | Lair:6   | Entered Level 6 of the Lair of Beasts
 19996 | Lair:6   | Reached XP level 15. HP: 65/85 MP: 17/24
 20102 | Lair:6   | Found a dark tunnel.
 20109 | Volcano  | Entered a volcano
 20349 | Volcano  | Found a bloodstained altar of Trog.
 20931 | Lair:6   | Reached skill level 1 in Fire Magic
 21497 | Lair:6   | Reached skill level 10 in Dodging
 21617 | Lair:6   | Identified the +10 spear "Spiderbane" {flame, MR+}
 21915 | Swamp:1  | Entered Level 1 of the Swamp
 21949 | Swamp:1  | Found a frozen archway.
 21957 | IceCv    | Entered an ice cave
 22147 | IceCv    | Reduced skill Unarmed Combat to level 5
 22151 | IceCv    | Reached skill level 5 in Fire Magic
 22189 | IceCv    | Killed coleonyx's ghost
 22400 | IceCv    | Identified the +1 trident of Floods {venom, Int+7}
 22997 | Swamp:1  | Reached skill level 14 in Polearms
 23227 | Swamp:1  | Noticed Nikola
 23245 | Swamp:1  | Killed Nikola
 23272 | Swamp:1  | Noticed Frances
 23743 | Swamp:1  | Killed Frances
 23743 | Swamp:1  | Reached XP level 16. HP: 79/91 MP: 20/25
 23952 | Swamp:2  | Identified Seonebao's Catalogue of the Feathery Arsonist
 24369 | Swamp:3  | Reached skill level 15 in Polearms
 24523 | Swamp:3  | Reached skill level 5 in Stealth
 24562 | Swamp:3  | Learned a level 7 spell: Ring of Flames
 25185 | Swamp:4  | Entered Level 4 of the Swamp
 26049 | Swamp:4  | Slain by a spriggan rider

Skill      XL: |  1  2  3  4  5  6  7  8  9 10 11 12 13 14 15 16 |
---------------+-------------------------------------------------+-----
Unarmed Combat | 4 6 7 4 |  4.0
Dodging        | 3 6 9 10 | 10.7
Polearms       | 4 7 11 13 14 15 | 15.6
Fighting       | 7 9 11 12 13 | 13.1
Spellcasting   | 5 |  5.4
Conjurations   | 8 10 | 10.4
Fire Magic     | 5 8 |  8.1
Stealth        | 5 |  5.4

Action                   |  1- 3 |  4- 6 |  7- 9 | 10-12 | 13-15 | 16-18 || total
-------------------------+-------+-------+-------+-------+-------+-------++-------
Melee: Unarmed           |   112 |   189 |     9 |       |       |       ||   310
       Bite              |    33 |    52 |    54 |   187 |   552 |    83 ||   961
       Punch             |       |     6 |     8 |    22 |    47 |       ||    83
       Spear             |       |       |   223 |   629 |  1077 |       ||  1929
       Bardiche          |       |       |       |       |   385 |   327 ||   712
 Cast: Mephitic Cloud    |       |       |       |       |    12 |       ||    12
       Conjure Flame     |       |       |       |       |     2 |       ||     2
Invok: Curse Item        |       |       |       |     6 |     6 |       ||    12
       Scrying           |       |       |       |       |     1 |       ||     1
       Transfer Knowledg |       |       |       |       |     1 |       ||     1
 Abil: Evoke Blink       |       |       |       |       |     3 |       ||     3
Evoke: Wand              |       |       |       |     3 |     5 |       ||     8
  Use: Potion            |     1 |       |     2 |     2 |     1 |     1 ||     7
       Scroll            |       |     2 |     7 |     6 |    24 |     5 ||    44
 Stab: Sleeping          |     4 |     6 |     6 |     6 |    21 |    10 ||    53
       Distracted        |       |       |     1 |     3 |     3 |     4 ||    11
       Confused          |       |       |       |       |     9 |       ||     9
  Eat: Chunk             |       |     6 |    12 |    15 |    32 |     9 ||    74
       Fruit             |       |       |       |     4 |     4 |       ||     8
       Bread ration      |       |       |       |       |     1 |       ||     1
Armor: Ring mail         |    22 |    39 |    17 |    37 |    38 |       ||   153
       Robe              |     1 |       |       |       |    20 |       ||    21
       Leather armour    |       |       |       |       |    76 |    49 ||   125
Dodge: Dodged            |    49 |   152 |    85 |   184 |  1063 |   448 ||  1981
Block: Other             |       |       |       |       |   111 |   150 ||   261
       Reflection        |       |       |       |       |     1 |       ||     1
